 Dungeon Crawl Stone Soup version 0.32-a0-986-ga09f62fbf4 (webtiles) character file.

Game seed: 2210225146954213009

13 protoss039 the Digger (level 2, 21/21 HPs)
             Began as a Demonspawn Earth Elementalist on Apr 21, 2024.
             Got out of the dungeon alive.
             The game lasted 00:00:38 (254 turns).

protoss039 the Digger (DsEE)                         Turns: 254, Time: 00:00:39

Health: 21/21      AC:  3    Str:  8    XL:     2   Next: 24%
Magic:  5/5        EV: 11    Int: 15    God:
Gold:   6          SH:  0    Dex: 13    Spells: 4/5 levels left

rFire   . . .        f - +0 club
rCold   . . .        (no shield)
rNeg    . . .        a - +0 robe
rPois   .            d - +1 hat
rElec   .            (no cloak)
rCorr   .            (no gloves)
SInv    .            (no boots)
Will    .....        (no amulet)
Stlth   ++           (no ring)
HPRegen 0.23/turn    (no ring)
MPRegen 0.09/turn

%: no passive effects
@: no status effects
A: weakness stinger 1
a: no special abilities


You escaped.
You visited 1 branch of the dungeon, and saw 1 of its levels.

You collected 6 gold pieces.

Inventory:

Hand Weapons
 f - a +0 club (weapon)
Armour
 a - a +0 robe (worn)
 d - a +1 hat (worn)
Scrolls
 c - a scroll of vulnerability {unknown}
 e - a scroll of fog {unknown}
Potions
 b - a potion of magic


   Skills:
 + Level 1.0 Fighting
 - Level 1.7 Dodging
 - Level 1.7 Stealth
 + Level 2.2 Spellcasting
 - Level 1.0 Conjurations
 + Level 2.9 Earth Magic


You had 4 spell levels left.
You knew the following spells:

 Your Spells              Type           Power      Damage    Failure   Level
a - Sandblast             Erth           20%        2d7       6%          1

Your spell library contained the following spells:

 Spells                   Type           Power      Damage    Failure   Level
 Passwall                 Erth           10%        N/A       19%         3
 Stone Arrow              Conj/Erth      14%        3d7       28%         3
 Brom's Barrelling Bould  Conj/Erth      7%         2d3       67%         4
 Petrify                  Alch/Erth      6%         N/A       75%         4


Dungeon Overview and Level Annotations

Branches:
Dungeon (1/15) Zot: 5734

Altars:


Innate Abilities, Weirdness & Mutations

You have a small tail.


Message History

The quokka bites you but does no damage.
The quokka bites you.
Unknown command.
You are too injured to fight recklessly!
You barely miss the quokka.
The quokka is almost dead.
The quokka misses you.
Unknown command.
You miss the quokka.
The quokka is almost dead.
The quokka closely misses you. The quokka barely misses you.
Unknown command.
You miss the quokka.
The quokka is almost dead.
The quokka barely misses you.
Unknown command.
You hit the quokka.
You kill the quokka!
Unknown command.
Unknown command.
You see here a giant cockroach corpse.
The endoplasm quivers.
You see here a giant cockroach corpse.
A rat comes into view.
The rat squeaks loudly.
You hit the endoplasm. You tail-slap the endoplasm.
You kill the endoplasm!
Your Fighting skill increases to level 1!
Casting: Sandblast (safe; 6% risk of failure)
Confirm with . or Enter, or press ? or * to list all spells.
Aiming: Sandblast (safe; 6% risk of failure)
Press: ? - help, Shift-Dir - straight line, f - rat
Aim: a rat (82% to hit)
The blast of sand hits the rat.
You kill the rat!
There is an open door here.
There is an open door here.
There is an open door here.
There is a staircase leading out of the dungeon here.
You have escaped!

#..#....P.P.#..#..
#..#...P.P..#..#..
#..#..P.....#..#..
#..#.P.P....#..#..
##'# .......##+#..
##..######### ##♣
#....#......#
#....'......#
##@.######### ####


There were no monsters in sight!

Vanquished Creatures
  A ball python (D:1)
  An endoplasm (D:1)
  2 giant cockroaches (D:1)
  A goblin (D:1)
  A kobold (D:1)
  2 quokkas (D:1)
  2 bats (D:1)
  A rat (D:1)
11 creatures vanquished.

Notes
Turn   | Place    | Note
-------+----------+-------------------------------------------
     0 | D:1      | protoss039 the Demonspawn Earth Elementalist began the
                  | quest for the Orb.
     0 | D:1      | Reached XP level 1. HP: 13/13 MP: 3/3
   182 | D:1      | Gained mutation: You have a small tail. [demonic ancestry]
   182 | D:1      | Reached XP level 2. HP: 17/20 MP: 1/5
   208 | D:1      | Reached skill level 1 in Fighting
   254 | D:$      | Got out of the dungeon alive.

Illustrated notes

Levels and vault maps discovered:
D:1:      sevenhm_arrival_forest_fort_large_4, layout_basic, serial_shops, shop,
          chequers_ecumenical_altar_simple_redux

Skill      XL: |  1  2 |
---------------+-------+-----
Fighting       | 1 |  1.0
Dodging        | |  1.7
Stealth        | |  1.7
Spellcasting   | |  2.2
Conjurations   | |  1.0
Earth Magic    | |  2.9

Action                     || total
---------------------------++-------
  Melee: Unarmed           ||    15
         Club              ||    19
         Tailslap          ||     2
   Cast: Sandblast         ||    12
 Armour: Robe              ||    28
  Dodge: Dodged            ||    40

Table legend: (Time is in decaauts)
 A = Elapsed time spent in this place.
 B = Non-inter-level travel time spent in this place.
 C = Inter-level travel time spent in this place.
 D = Time resting spent in this place.
 E = Time spent auto-exploring this place.
 F = Levels seen in this place.
 G = Mean time per level.
                   A        B        C        D        E       F      G
               +--------+--------+--------+--------+--------+-----+--------+
         Total |    265 |    225 |     40 |      0 |    117 |   1 |  265.0 |
       Dungeon |    265 |    225 |     40 |      0 |    117 |   1 |  265.0 |
               +--------+--------+--------+--------+--------+-----+--------+

Top non-repeatable levels by time:
     D:1: 265 daAuts
